Map: [TLMC14] Blackburn

Players

MaxPax

  • Race: Protoss Protoss
  • Spawn Location: 7:00

DRG - Winner!

  • Race: Zerg Zerg
  • Spawn Location: 5:00

Event: StayAtHome Story Cup #4

VOD

Have the link to the VOD?

Description

Time

  • Played on: Oct. 23, 2021, 10:49 a.m.
  • Length: 19:50

All games in this series

Show
View Real Time Build Order
Export as new Build Order

MaxPax Protoss 

Build Orders: 1 Gate Expand, Oracle Opening 

Get SALT Encoding   

  12  0:00  Probe  
  13  0:12  Probe  
  14  0:20  Pylon  
  14  0:24  Probe  
  15  0:38  Probe (Chrono Boost)  
  15  0:41  Gateway  
  16  0:48  Probe (Chrono Boost)  
  17  0:50  Assimilator  
  17  0:53  Probe (Chrono Boost)  
  18  1:04  Probe  
  19  1:16  Probe  
  20  1:32  Nexus  
  20  1:38  Cybernetics Core  
  20  1:41  Probe  
  21  1:47  Assimilator  
  21  1:53  Probe  
  22  1:58  Pylon  
  22  2:05  Probe (Chrono Boost)  
  23  2:16  Adept  
  23  2:18  Probe (Chrono Boost)  
  23  2:20  Stargate  
  26  2:26  Probe (Chrono Boost)  
  26  2:27  Warp Gate  
  27  2:32  Probe  
  28  2:44  Probe (Chrono Boost)  
  28  2:48  Adept  
  28  2:50  Probe (Chrono Boost)  
  32  2:53  Probe (Chrono Boost)  
  32  2:55  Void Ray (Chrono Boost)  
  32  2:57  Probe (Chrono Boost)  
  34  2:58  Probe (Chrono Boost)  
  39  3:08  Probe  
  39  3:09  Pylon  
  40  3:13  Probe  
  41  3:20  Gateway, Probe  
  41  3:25  Probe  
  43  3:29  Oracle (Chrono Boost)  
  43  3:32  Probe  
  47  3:37  Probe  
  48  3:44  Probe  
  49  3:49  Probe  
  49  3:52  Nexus  
  50  3:56  Probe  
  50  4:00  Pylon  
  50  4:01  Probe  
  52  4:07  Assimilator  
  52  4:09  Probe  
  53  4:11  Assimilator  
  53  4:13  Probe  
  53  4:14  Stargate  
  54  4:21  Probe  
  55  4:25  Probe  
  56  4:31  Protoss Air Weapons Level 1, Pylon  
  56  4:33  Probe, Void Ray (Chrono Boost)  
  56  4:34  Forge  
  56  4:37  Probe  
  62  4:50  Probe x2  
  62  4:52  Pylon  
  64  4:55  Void Ray (Chrono Boost)  
  68  5:00  Shield Battery  
  68  5:02  Probe x2 (Chrono Boost)  
  68  5:05  Probe (Chrono Boost), Void Ray  
  71  5:13  Probe x2 (Chrono Boost)  
  78  5:15  Probe (Chrono Boost)  
  78  5:18  Probe x2 (Chrono Boost)  
  78  5:20  Probe  
  80  5:21  Assimilator  
  80  5:22  Assimilator  
  80  5:28  Probe x2  
  83  5:32  Pylon  
  83  5:33  Probe  
  84  5:36  Fleet Beacon  
  84  5:40  Probe x2  
  86  5:45  Probe  
  87  5:52  Probe  
  87  5:54  Stargate, Pylon  
  87  5:56  Probe, Void Ray  
  89  5:58  Probe  
  89  5:59  Photon Cannon  
  89  6:01  Void Ray  
  94  6:06  Probe  
  99  6:17  Pylon  
  95  6:27  Nexus  
  95  6:28  Zealot x2  
  99  6:35  Void Ray x2 (Chrono Boost)  
  99  6:36  Void Ray (Chrono Boost)  
  99  6:38  Probe  
  98  6:46  Flux Vanes  
  108  6:49  Photon Cannon  
  108  6:50  Photon Cannon  
  108  6:54  Shield Battery  
  108  7:02  Gateway  
  108  7:04  Gateway, Robotics Facility  
  108  7:05  Zealot  
  110  7:09  Protoss Air Weapons Level 2 (Chrono Boost)  
  110  7:11  Photon Cannon  
  110  7:13  Pylon  
  106  7:18  Photon Cannon  
  106  7:20  Shield Battery  
  106  7:21  Photon Cannon  
  106  7:22  Pylon  
  106  7:32  Probe x2  
  106  7:33  Assimilator  
  114  7:44  Probe x3  
  123  7:48  Tempest x2 (Chrono Boost)  
  126  7:51  Tempest (Chrono Boost)  
  118  8:06  Shield Battery  
  118  8:07  Shield Battery  
  118  8:08  Pylon  
  118  8:09  Shield Battery  
  118  8:11  Pylon  
  118  8:16  Photon Cannon, Void Ray (Chrono Boost)  
  118  8:17  Zealot  
  118  8:18  Void Ray (Chrono Boost)  
  115  8:20  Void Ray (Chrono Boost)  
  126  8:30  Probe x2  
  126  8:33  Stalker x3  
  133  8:38  Probe  
  133  8:39  Stalker  
  133  8:41  Void Ray (Chrono Boost)  
  136  8:44  Probe  
  136  8:48  Void Ray (Chrono Boost)  
  141  8:50  Probe  
  150  8:55  Void Ray (Chrono Boost)  
  150  9:03  Probe  
  150  9:04  Probe  
  150  9:06  Shield Battery  
  150  9:08  Shield Battery  
  150  9:09  Probe, Protoss Ground Weapons Level 1  
  151  9:10  Void Ray (Chrono Boost)  
  142  9:18  Stalker x3  
  142  9:19  Stalker  
  142  9:20  Probe  
  142  9:23  Probe  
  135  9:25  Void Ray (Chrono Boost)  
  127  9:38  Photon Cannon  
  106  9:40  Photon Cannon  
  106  9:42  Phoenix (Chrono Boost)  
  106  9:43  Phoenix (Chrono Boost)  
  99  9:47  Zealot x4  
  106  9:54  Phoenix (Chrono Boost)  
  106  10:11  Stalker  
  108  10:16  Void Ray (Chrono Boost)  
  108  10:17  Anion Pulse-Crystals  
  108  10:20  Phoenix (Chrono Boost)  
  118  10:26  Void Ray (Chrono Boost)  
  118  10:30  Nexus  
  118  10:36  Pylon  
  118  10:38  Phoenix (Chrono Boost)  
  120  10:45  Photon Cannon  
  120  10:47  Observer  
  123  10:51  Pylon  
  123  10:54  Photon Cannon, Void Ray (Chrono Boost), Phoenix (Chrono Boost)  
  123  10:56  Photon Cannon  
  129  11:00  Phoenix (Chrono Boost)  
  129  11:01  Twilight Council  
  129  11:07  Shield Battery  
  129  11:08  Observer  
  130  11:17  Tempest (Chrono Boost)  
  139  11:19  Void Ray (Chrono Boost)  
  140  11:32  Void Ray (Chrono Boost)  
  137  11:49  Tempest (Chrono Boost)  
  137  11:51  Photon Cannon  
  137  11:52  Protoss Ground Weapons Level 2  
  137  11:53  Pylon  
  142  11:58  Gateway  
  142  12:00  Zealot x2  
  146  12:06  Gateway, Probe  
  146  12:08  Assimilator  
  147  12:09  Assimilator  
  147  12:10  Pylon  
  147  12:12  Shield Battery  
  147  12:13  Photon Cannon  
  147  12:14  Photon Cannon, Templar Archives  
  147  12:15  Tempest (Chrono Boost)  
  147  12:17  Probe  
  147  12:19  Pylon  
  147  12:20  Probe x2  
  155  12:26  Gateway  
  155  12:36  Observer  
  156  12:39  Pylon  
  155  12:52  Psionic Storm  
  147  13:00  Zealot x5  
  157  13:06  Photon Cannon  
  157  13:10  Pylon, High Templar  
  157  13:12  Pylon, Observer (Chrono Boost)  
  160  13:16  Pylon  
  160  13:17  Gateway  
  160  13:20  Gateway  
  160  13:24  Probe x3  
  135  13:36  Probe x2  
  135  13:37  Probe  
  138  13:44  Nexus  
  138  13:46  Photon Cannon  
  138  13:47  Photon Cannon, Void Ray x3 (Chrono Boost)  
  138  13:51  Pylon  
  149  14:12  Probe  
  149  14:14  Probe x2  
  152  14:23  Protoss Air Weapons Level 3 (Chrono Boost)  
  151  14:24  Probe  
  151  14:28  Void Ray  
  151  14:36  Zealot x5  
  144  14:49  Zealot  
  130  15:05  Void Ray x2 (Chrono Boost)  
  130  15:09  Probe  
  130  15:10  Observer  
  130  15:12  High Templar x8  
  155  15:15  Observer (Chrono Boost)  
  155  15:16  Archon x3  
  155  15:17  Archon  
  156  15:22  Probe x3, Charge (Chrono Boost)  
  159  15:33  Tempest (Chrono Boost)  
  159  15:34  Probe  
  165  15:45  Void Ray (Chrono Boost)  
  165  15:46  Shield Battery, Void Ray (Chrono Boost)  
  173  15:56  Probe x2  
  175  16:00  Pylon  
  174  16:08  Zealot x3  
  174  16:11  Tempest (Chrono Boost)  
  172  16:24  Observer  
  183  16:27  Tempest x2 (Chrono Boost)  
  183  16:31  Shield Battery  
  183  16:33  Shield Battery  
  183  16:39  Photon Cannon  
  183  16:48  Nexus  
  182  17:01  Pylon, Tempest (Chrono Boost)  
  186  17:05  Shield Battery  
  185  17:11  Robotics Bay  
  185  17:15  Pylon  
  182  17:27  Observer  
  183  17:33  High Templar x2, Zealot  
  189  17:38  Nexus  
  189  17:39  Archon  
  189  17:40  Pylon  
  189  17:41  Pylon  
  189  17:43  Tempest (Chrono Boost)  
  194  17:51  Void Ray x2 (Chrono Boost)  
  172  18:11  Void Ray (Chrono Boost)  
  133  18:23  Unknown  
  131  18:32  Void Ray (Chrono Boost)  
  126  18:46  Void Ray (Chrono Boost)  
  130  18:57  Oracle (Chrono Boost)  
Show
View Real Time Build Order
Export as new Build Order

DRG Zerg - Winner!

Build Orders: Hatch First 

Get SALT Encoding   

  12  0:00  Drone  
  13  0:12  Overlord  
  13  0:17  Drone  
  14  0:30  Drone x2  
  14  0:34  Drone  
  17  0:52  Hatchery  
  17  0:55  Drone  
  17  0:57  Drone  
  18  1:10  Extractor  
  17  1:13  Spawning Pool  
  17  1:17  Drone  
  17  1:20  Drone  
  18  1:28  Drone  
  19  1:39  Drone  
  20  1:49  Overlord  
  20  2:01  Queen  
  20  2:04  Queen  
  20  2:05  Drone x2  
  26  2:10  Drone  
  26  2:14  Metabolic Boost  
  27  2:16  Drone  
  27  2:22  Drone  
  29  2:26  Drone  
  30  2:32  Drone  
  30  2:36  Drone  
  32  2:43  Hatchery  
  31  2:47  Queen  
  33  2:51  Overlord  
  33  2:54  Drone  
  33  2:57  Drone  
  35  2:59  Drone  
  35  3:05  Overlord  
  36  3:11  Drone x4  
  40  3:15  Queen  
  40  3:19  Drone  
  43  3:21  Drone  
  43  3:25  Queen  
  46  3:30  Overlord  
  46  3:32  Drone  
  47  3:42  Drone x3  
  47  3:45  Evolution Chamber  
  47  3:47  Overlord  
  49  3:50  Spore Crawler  
  49  3:52  Spore Crawler, Zergling x4  
  49  3:56  Queen  
  49  3:58  Drone  
  49  3:59  Drone  
  49  4:01  Drone  
  54  4:04  Zergling x4  
  54  4:06  Drone  
  54  4:08  Drone  
  58  4:10  Drone  
  58  4:13  Zerg Melee Weapons Level 1  
  59  4:17  Drone  
  59  4:20  Drone  
  59  4:22  Drone x3  
  59  4:24  Spore Crawler  
  63  4:25  Drone  
  63  4:28  Overlord  
  63  4:31  Drone  
  65  4:34  Spore Crawler, Overlord  
  65  4:37  Drone  
  64  4:39  Drone  
  64  4:43  Overlord  
  64  4:44  Drone  
  64  4:45  Overlord  
  66  4:47  Lair  
  66  4:50  Drone x2  
  66  4:52  Drone x2  
  70  4:53  Drone  
  70  4:54  Drone  
  70  4:56  Drone  
  70  4:57  Drone  
  70  4:59  Extractor  
  74  5:00  Drone, Extractor  
  74  5:04  Overlord  
  72  5:08  Drone  
  72  5:09  Drone x4  
  72  5:10  Drone x2  
  72  5:12  Extractor  
  78  5:14  Extractor  
  78  5:15  Extractor  
  78  5:19  Drone x4  
  78  5:21  Queen  
  79  5:22  Queen  
  79  5:25  Drone  
  84  5:32  Drone  
  84  5:33  Drone  
  84  5:34  Drone  
  87  5:35  Drone  
  87  5:36  Hatchery  
  87  5:39  Drone  
  87  5:41  Overlord  
  88  5:48  Hatchery  
  88  5:51  Queen  
  88  5:52  Spire  
  88  5:53  Zergling x4  
  88  5:55  Drone  
  88  5:56  Queen  
  92  5:57  Drone  
  92  5:59  Queen  
  92  6:04  Overlord  
  97  6:05  Drone x3  
  97  6:07  Drone x2  
  102  6:11  Zerg Melee Weapons Level 2  
  102  6:14  Drone x2  
  102  6:15  Drone x2  
  106  6:22  Drone x2  
  106  6:24  Overseer  
  108  6:26  Overlord  
  108  6:28  Zergling x2  
  108  6:29  Queen  
  108  6:31  Zergling x6  
  108  6:32  Queen  
  111  6:33  Extractor  
  111  6:34  Extractor  
  111  6:36  Zergling x2  
  111  6:37  Zergling x6  
  112  6:43  Drone  
  112  6:45  Zergling x4  
  113  6:53  Overlord  
  113  6:55  Drone  
  111  7:16  Overlord  
  111  7:18  Mutalisk x14  
  138  7:24  Zerg Flyer Weapons Level 1  
  137  7:30  Zergling x2  
  137  7:31  Zergling x8  
  137  7:34  Baneling Nest  
  137  7:36  Hatchery  
  140  7:40  Zergling x4  
  142  7:46  Mutalisk x4  
  142  7:48  Zergling x2  
  151  7:52  Overseer, Pneumatized Carapace  
  151  7:57  Overlord x2  
  150  8:04  Zergling x4  
  151  8:07  Infestation Pit  
  151  8:09  Zergling x6  
  151  8:10  Overlord x3  
  151  8:19  Mutalisk x4  
  149  8:24  Zergling x2  
  150  8:28  Zergling x6  
  153  8:36  Mutalisk  
  153  8:37  Mutalisk x4  
  153  8:38  Zergling x2  
  153  8:39  Zergling x4  
  163  8:49  Mutalisk x3  
  163  8:51  Extractor  
  163  8:52  Extractor, Zergling x10  
  164  8:58  Zergling x2  
  164  8:59  Zergling x4  
  162  9:04  Hive  
  162  9:05  Zerg Ground Armor Level 1  
  162  9:08  Mutalisk  
  158  9:10  Zergling x10  
  157  9:18  Mutalisk x2  
  145  9:28  Mutalisk x2  
  145  9:35  Zergling x24  
  148  9:41  Mutalisk x4  
  148  9:44  Zergling x4  
  152  9:50  Queen  
  147  9:55  Mutalisk x3  
  147  9:57  Zergling x6  
  152  10:04  Drone x2  
  152  10:05  Drone  
  151  10:10  Spore Crawler  
  151  10:14  Drone x3  
  150  10:15  Queen x3  
  150  10:17  Viper x2  
  150  10:19  Viper  
  165  10:21  Queen  
  165  10:23  Drone x2  
  165  10:26  Queen  
  165  10:27  Overlord  
  169  10:37  Drone x5  
  169  10:38  Drone x2  
  176  10:47  Ultralisk Cavern  
  175  10:50  Queen  
  175  10:56  Drone x4  
  181  10:58  Mutalisk x5  
  181  10:59  Zerg Melee Weapons Level 3  
  181  11:03  Adrenal Glands  
  191  11:15  Zergling x18  
  200  11:23  Centrifugal Hooks  
  200  11:33  Overlord x2  
  196  11:47  Chitinous Plating  
  186  11:49  Overlord x2  
  186  11:50  Overlord  
  186  11:52  Ultralisk x2  
  196  12:06  Queen x3  
  198  12:11  Drone x2  
  198  12:14  Evolution Chamber  
  199  12:18  Overseer  
  199  12:21  Hatchery  
  198  12:26  Overseer  
  196  12:58  Baneling x25  
  187  13:05  Anabolic Synthesis  
  187  13:06  Zerg Ground Armor Level 2, Pathogen Glands  
  187  13:14  Infestor x6  
  198  13:26  Queen x2  
  177  13:27  Infestor x4  
  177  13:28  Queen x2  
  177  13:33  Zergling x28  
  199  13:36  Zerg Missile Weapons Level 1  
  193  13:42  Zergling x12  
  193  13:47  Overseer x3  
  199  14:02  Neural Parasite  
  199  14:11  Spore Crawler, Extractor  
  199  14:12  Spore Crawler, Extractor  
  176  14:43  Queen x2  
  145  14:46  Queen x3, Ultralisk x3  
  145  14:50  Ultralisk x3  
  176  14:54  Queen  
  176  14:58  Ultralisk x3  
  176  14:59  Zergling x24  
  195  15:00  Zergling x14  
  184  15:19  Queen x2, Infestor  
  188  15:21  Overlord x3  
  188  15:25  Zerg Ground Armor Level 3  
  188  15:32  Overlord x2  
  188  15:33  Overlord x2  
  188  15:39  Queen x4  
  188  15:40  Overseer x3  
  196  15:49  Infestor x2  
  200  16:01  Zerg Missile Weapons Level 2  
  194  16:14  Queen x2  
  198  16:44  Burrow  
  198  16:45  Spore Crawler  
  198  16:46  Spore Crawler x2  
  193  16:47  Spore Crawler x2  
  191  17:02  Queen x2  
  191  17:03  Queen  
  191  17:06  Queen  
  198  17:30  Zerg Flyer Weapons Level 2  
  198  17:36  Baneling x21  
  176  18:00  Zergling x26  
  176  18:03  Infestor x2  
  176  18:04  Infestor x3  
  189  18:07  Zergling x24  
  189  18:09  Queen x2  
  189  18:11  Queen x2  
  191  18:14  Queen x2, Infestor  
  191  18:15  Infestor x7  
  191  18:26  Ultralisk x2  
  196  18:31  Infestor x16  
  195  18:37  Zergling x20  
  188  18:45  Queen x2  
  188  18:47  Queen x2, Corruptor x2  
  198  19:02  Queen  
  176  19:19  Corruptor  
  176  19:20  Corruptor x10  
  192  19:26  Zergling x20  
Tags
 
Add a new tag
Caveats
  • Supply blocks, unpowered buildings, or Contaminate may cause inaccurate times.
  • Supply counts are checked every 10 seconds.